 Dungeon Crawl Stone Soup version 0.26-a0-52-gd53d4cd058 (webtiles) character file.

Game seed: 16493355742054986523

47716 xccam the Severer (level 14, 0/127 HPs)
             Began as a Minotaur Monk on June 5, 2020.
             Was a High Priest of Ru.
             Slain by Xtruder99's ghost (2 damage)
             ... on level 1 of the Lair of Beasts.
             The game lasted 00:38:12 (22067 turns).

xccam the Severer (Minotaur Monk)                  Turns: 22067, Time: 00:38:13

Health: 0/127      AC: 25    Str: 21    XL:     14   Next: 9%
Magic:  9/15       EV:  8    Int:  7    God:    Ru [*****.]
Gold:   1397       SH:  4    Dex: 13    Spells: 13/13 levels left

rFire    . . .     SeeInvis .   a - +3 war axe
rCold    . . .     Gourm    .   V - +0 buckler
rNeg     . . .     Faith    +   L - +3 chain mail
rPois    +         Spirit   .   (helmet restricted)
rElec    +         Reflect  .   A - +1 cloak
rCorr    +         Harm     .   J - +0 pair of gloves
MR       +....                  S - +2 pair of boots
Stlth    ..........             n - amulet of faith
HPRegen  0.31/turn              C - ring of poison resistance
MPRegen  0.14/turn              o - ring of resist corrosion

@: exhausted
A: retaliatory headbutt, horns 2, molten scales 1, electricity resistance, hated
by all, inability to train dodging, no charms magic, no fire magic, no hexes
magic, MP-powered wands, unskilled 1
a: Draw Out Power, Power Leap, Apocalypse, Renounce Religion


You were on level 1 of the Lair of Beasts.
You worshipped Ru.
Ru was extremely pleased with you.
You were very hungry.

You visited 3 branches of the dungeon, and saw 17 of its levels.
You also visited: Sewer and Ossuary.

You collected 1397 gold pieces.

Inventory:

Hand Weapons
 a - a +3 war axe (weapon)
 b - a +4 hand crossbow
 H - a +1 battleaxe of electrocution
 P - a +2 scimitar of flaming
Missiles
 O - 70 bolts
Armour
 j - a +2 scale mail of fire resistance
 A - a +1 cloak (worn)
 D - +0 ice dragon scales
 J - a +0 pair of gloves (worn)
 L - a +3 chain mail (worn)
 S - a +2 pair of boots (worn)
 V - a +0 buckler (worn)
Jewellery
 d - a +6 ring of intelligence
 n - an amulet of faith (around neck)
 o - a ring of resist corrosion (right hand)
 C - a ring of poison resistance (left hand)
 E - an uncursed ring of protection from fire
 M - a cursed ring of teleportation
Wands
 z - a wand of iceblast (1)
 B - a wand of polymorph (25)
 K - a wand of disintegration (15)
 Q - a wand of acid (4)
Scrolls
 e - 3 scrolls of torment
 f - 5 scrolls of fog
 h - 8 scrolls of remove curse
 i - 7 scrolls of enchant weapon
 l - 2 scrolls of enchant armour
 p - 2 scrolls of random uselessness
 w - a scroll of magic mapping
 y - a scroll of summoning
 F - 2 scrolls of amnesia
 G - 2 scrolls of blinking {unknown}
 I - 2 scrolls of teleportation
 N - 4 scrolls of identify
 T - a scroll of fear
Potions
 g - 3 potions of mutation
 k - 7 potions of curing
 m - 8 potions of stabbing
 q - 3 potions of lignification
 r - 2 potions of brilliance
 s - a potion of berserk rage {unknown}
 t - 3 potions of magic
 u - 2 potions of flight
 v - 2 potions of cancellation
 x - 3 potions of ambrosia
 R - a potion of haste
Comestibles
 c - 30 rations


   Skills:
 - Level 12.8 Fighting
 - Level 16.0 Axes
 - Level 3.2 Crossbows
 - Level 12.9 Armour
 - Level 1.4 Stealth
 + Level 2.4 Shields
 - Level 3.3 Evocations


You had 13 spell levels left.
You didn't know any spells.
Your spell library contained the following spells:

 Spells                   Type           Power        Failure   Level  Hunger
 Apportation              Tloc           #.....       97%         1    ##.....
 Magic Dart               Conj           #...         97%         1    ##.....
 Blink                    Tloc           N/A          99%         2    ###....
 Lesser Beckoning         Tloc           #.........   100%        3    ####...
 Mephitic Cloud           Conj/Pois/Air  #.......     100%        3    ####...
 Alistair's Intoxication  Tmut/Pois      #.......     100%        5    ######.
 Summon Butterflies       Summ           Unusable     N/A         1    N/A
 Call Imp                 Summ           Unusable     N/A         2    N/A
 Slow                     Hex            Unusable     N/A         2    N/A
 Conjure Flame            Conj/Fire      Unusable     N/A         3    N/A
 Tukima's Dance           Hex            Unusable     N/A         3    N/A
 Invisibility             Hex            Unusable     N/A         6    N/A

Dungeon Overview and Level Annotations

Branches:
Dungeon (15/15)            Temple (1/1) D:6            Lair (1/6) D:9
    Orc (0/2) D:11         Vaults (0/5) D:14         Depths (0/5) D:15
  Sewer (visited)         Ossuary (visited)

Altars:
Ashenzari
Cheibriados
Dithmenos
Elyvilon
Fedhas
Gozag
Hepliaklqana
Kikubaaqudgha
Makhleb
Nemelex Xobeh
Okawaru
Qazlal
Ru
Sif Muna
Trog
Uskayaw
Vehumet
Wu Jian
Xom
Yredelemnul
Zin
The Shining One

Shops:
D:5 }*   D:8 *

Annotations:
D:11 2 transporters, vurker's ghost, journeyman TeAE
Lair:1 Xtruder99's ghost, journeyman GrFi


Innate Abilities, Weirdness & Mutations

You reflexively headbutt those who attack you in melee.
You have a pair of horns on your head.
You are hated by all.
You cannot train Dodging skill.
You cannot study or cast Charms magic.
You cannot study or cast Fire magic.
You cannot study or cast Hexes magic.
You are somewhat unskilled. (-1 Apt)
You are partially covered in molten scales. (AC +2)
You are resistant to electric shocks. (rElec)
You expend magic power (3 MP) to strengthen your wands.


Message History

You headbutt Xtruder99's ghost, but do no damage.
Xtruder99's ghost is almost destroyed.
Xtruder99's ghost is no longer blind.
Xtruder99's ghost hits you!!
* * * LOW HITPOINT WARNING * * *
Xtruder99's ghost freezes you.
* * * LOW HITPOINT WARNING * * *
Unknown command.
Evoke which item? (* to show all) (? for menu, Esc to quit)
Aiming: Corrosive Bolt
Press: ? - help, Shift-Dir - straight line, f - Xtruder99's ghost
Aim: Xtruder99's ghost, wielding a weapon of freezing (almost destroyed)
You feel a surge of power!
The bolt of acid hits Xtruder99's ghost.
Xtruder99's ghost is splashed with acid.
The acid corrodes Xtruder99's ghost!
Xtruder99's ghost is almost destroyed.
Xtruder99's ghost hits you.
* * * LOW HITPOINT WARNING * * *
Xtruder99's ghost freezes you.
You die...

..........##..##.......##.
.............##.........#
.............#..........#
............##....####...#
............#...###=|##..#
............#..##.%...##..#
............#..#...=...#..#
...........##..#......# .#
.......##. #..†W@...##
.....###. ##...........
####.# ###..####... # ##
####..# # ... .### #


You could see Xtruder99's ghost (corroded).

Vanquished Creatures
  Rupert (D:13)
  Jorgrun (D:14)
  Agnes (D:15)
  Josephine (D:11)
  A yaktaur captain (D:14)
  Harold (D:9)
  A fire dragon (D:15)
  2 hydras
  An ice dragon (D:15)
  2 centaur warriors
  3 two-headed ogres
  A tengu warrior (D:15)
  Urug (D:11)
  4 skeletal warriors (D:15)
  2 unseen horrors
  A harpy (shapeshifter) (D:15)
  3 cyclopes
  A wolf spider zombie (D:15)
  5 ugly things (D:15)
  2 manticores
  Maurice (D:11)
  Psyche (D:8)
  A gargoyle (D:14)
  A kobold demonologist (D:11)
  2 komodo dragons
  2 yaktaurs (D:14)
  3 rime drakes (Lair:1)
  An efreet (D:14)
  2 freezing wraiths
  2 tengu conjurers (D:15)
  6 trolls
  2 hornets
  A hornet (shapeshifter) (D:15)
  A queen bee (D:11)
  3 hippogriffs
  9 slime creatures
  A harpy skeleton (D:15)
  Sigmund (D:2)
  7 wraiths
  3 wyverns
  2 shadows (D:15)
  2 basilisks
  12 yaks
  Grum (D:10)
  4 hogs (D:7)
  2 hungry ghosts
  A human (D:7)
  3 vampire mosquitoes (D:15)
  3 wargs (D:9)
  A water moccasin (D:12)
  3 sky beasts
  7 orc warriors
  3 ice beasts
  2 hornet zombies
  A black bear (D:7)
  2 eyes of draining
  2 wolves (D:9)
  9 ogres
  4 phantoms
  14 centaurs
  3 big kobolds
  A gnoll sergeant (D:8)
  9 bullfrogs
  2 spiny frog simulacra (Lair:1)
  2 scorpions
  33 killer bees
  13 wights
  3 howler monkeys
  9 crimson imps
  A torpor snail simulacrum (Lair:1)
  A quasit (D:15)
  2 bullfrog zombies
  3 jellies
  3 bullfrog skeletons
  6 centaur zombies
  3 human zombies (Ossuary)
  12 hounds
  13 orc priests
  20 orc wizards
  A water moccasin simulacrum (Lair:1)
  3 centaur skeletons
  3 iguanas
  9 worker ants
  2 bullfrog simulacra (Lair:1)
  2 mummies (Ossuary)
  A hound skeleton (D:6)
  2 worker ant zombies
  13 gnolls
  22 adders
  3 shadow imps
  An ooze (D:1)
  2 adder zombies (Ossuary)
  4 worms
  6 dart slugs
  9 leopard geckos
  63 orcs
  13 bats
  8 giant cockroaches
  7 goblins
  13 hobgoblins
  19 jackals
  26 kobolds
  6 quokkas
  4 ball pythons (Sewer)
  7 frilled lizards
  10 hobgoblin zombies (Ossuary)
  3 jackal skeletons
  2 jackal zombies
  12 kobold zombies (Ossuary)
  A leopard gecko skeleton (D:5)
  A leopard gecko zombie (D:5)
  4 orc zombies (Ossuary)
  2 quokka skeletons (D:7)
  9 rats
  2 rat zombies (Ossuary)
597 creatures vanquished.

Vanquished Creatures (others)
  A wizard (D:14)
  A wraith (D:15)
  A wolf (D:10)
  A centaur (D:13)
  A bullfrog (D:15)
  A crocodile simulacrum (Lair:1)
6 creatures vanquished.

Grand Total: 603 creatures vanquished

Notes
Turn   | Place    | Note
-------+----------+-------------------------------------------
     0 | D:1      | xccam the Minotaur Monk began the quest for the Orb.
     0 | D:1      | Reached XP level 1. HP: 19/19 MP: 0/0
   142 | D:1      | Reached skill level 4 in Axes
   143 | D:1      | Reached XP level 2. HP: 21/26 MP: 1/1
   485 | D:1      | Reached XP level 3. HP: 31/31 MP: 2/2
   599 | D:1      | Reached skill level 5 in Axes
   601 | D:1      | Reached skill level 1 in Armour
  1082 | D:2      | Found a shimmering blue altar of Sif Muna.
  1420 | D:2      | Reached XP level 4. HP: 39/39 MP: 3/3
  1964 | D:2      | Noticed Sigmund
  1980 | D:2      | Reached XP level 5. HP: 13/45 MP: 4/4
  1981 | D:2      | Killed Sigmund
  1981 | D:2      | Reached skill level 7 in Axes
  1981 | D:2      | Reached XP level 6. HP: 15/51 MP: 5/5
  2738 | D:3      | Reached skill level 8 in Axes
  2829 | D:3      | Found a glowing drain.
  2862 | Sewer    | Entered a sewer
  3515 | D:3      | Found a blossoming altar of Fedhas.
  3558 | D:3      | Reached XP level 7. HP: 15/57 MP: 6/6
  3844 | D:3      | Found a white marble altar of Elyvilon.
  3912 | D:3      | Reached skill level 9 in Axes
  4585 | D:4      | Found a sand-covered staircase.
  4613 | Ossuary  | Entered an ossuary
  4849 | Ossuary  | Reached XP level 8. HP: 61/67 MP: 7/7
  4872 | Ossuary  | Reached skill level 5 in Armour
  4966 | D:4      | Reached skill level 10 in Axes
  5009 | D:4      | Reached skill level 5 in Fighting
  5353 | D:5      | Entered Level 5 of the Dungeon
  5438 | D:5      | Found Nuptucy's Gadget Shoppe.
  5738 | D:5      | Found a stormy altar of Qazlal.
  5747 | D:5      | Found Plog's Elemental Accessories.
  6299 | D:6      | Reached skill level 5 in Dodging
  6342 | D:6      | Reached skill level 11 in Axes
  6506 | D:6      | Found a shadowy altar of Dithmenos.
  6567 | D:6      | Reached XP level 9. HP: 75/75 MP: 8/8
  7106 | D:6      | Found a staircase to the Ecumenical Temple.
  7113 | Temple   | Entered the Ecumenical Temple
  7241 | Temple   | Became a worshipper of Ru the Awakened
  7248 | Temple   | Gained mutation: You cannot study or cast Fire magic. [Ru
                  | sacrifice]
  7248 | Temple   | Gained mutation: You cannot study or cast Hexes magic. [Ru
                  | sacrifice]
  7248 | Temple   | Gained mutation: You cannot study or cast Charms magic. [Ru
                  | sacrifice]
  7248 | Temple   | Reached * piety under Ru
  7922 | D:7      | Found a basalt altar of Yredelemnul.
  7970 | D:7      | Reached skill level 12 in Axes
  8573 | D:8      | Reached XP level 10. HP: 65/86 MP: 9/9
  8672 | D:8      | Noticed Psyche
  8682 | D:8      | Killed Psyche
  8793 | D:8      | Found Feyh's General Store.
  9662 | D:9      | Reached skill level 13 in Axes
  9825 | D:9      | Found a staircase to the Lair.
  9876 | D:9      | Gained mutation: You are hated by all. [Ru sacrifice]
  9876 | D:9      | Reached ** piety under Ru
 10309 | D:9      | Found a shimmering blue altar of Sif Muna.
 10504 | D:10     | Entered Level 10 of the Dungeon
 10517 | D:10     | Noticed Harold
 10539 | D:10     | Noticed a two-headed ogre
 10550 | D:9      | HP: 4/90 [Harold/+0 vorpal dire flail (17)]
 10550 | D:9      | HP: 1/90 [Harold/+0 vorpal dire flail (3)]
 10560 | D:9      | Killed Harold
 10852 | D:9      | Gained mutation: You are partially covered in molten
                  | scales. (AC +2) [potion of mutation]
 10852 | D:9      | Gained mutation: You expend magic power (3 MP) to
                  | strengthen your wands. [potion of mutation]
 10852 | D:9      | Gained mutation: You are resistant to electric shocks.
                  | (rElec) [potion of mutation]
 11263 | D:9      | Killed a two-headed ogre
 11263 | D:9      | Reached XP level 11. HP: 71/97 MP: 0/10
 11289 | D:10     | Reached skill level 14 in Axes
 11981 | D:10     | Noticed a two-headed ogre
 11993 | D:10     | Killed a two-headed ogre
 12068 | D:10     | Noticed Grum
 12077 | D:10     | Killed Grum
 12411 | D:11     | Noticed Maurice
 12422 | D:11     | Killed Maurice
 12804 | D:11     | Noticed Urug
 13132 | D:11     | Found a staircase to the Orcish Mines.
 13182 | D:11     | Found a transporter.
 13183 | D:11     | Noticed vurker's ghost (journeyman TeAE)
 13196 | D:11     | Found a transporter.
 13221 | D:11     | Reached skill level 10 in Armour
 13237 | D:11     | Reached skill level 10 in Fighting
 13300 | D:11     | Reached skill level 15 in Axes
 13312 | D:11     | Noticed Josephine
 13330 | D:11     | Killed Josephine
 13973 | D:11     | Killed an unseen horror
 13973 | D:11     | Reached XP level 12. HP: 37/107 MP: 11/11
 14467 | D:11     | Killed Urug
 15214 | D:12     | Reached skill level 10 in Dodging
 15219 | D:12     | Reached skill level 16 in Axes
 15618 | D:12     | Reached skill level 1 in Crossbows
 15739 | D:12     | Gained mutation: You cannot train Dodging skill. [Ru
                  | sacrifice]
 15739 | D:12     | Reached *** piety under Ru
 15739 | D:12     | Reached **** piety under Ru
 15909 | D:13     | Noticed Rupert
 16310 | D:13     | Paralysed by Rupert for 2 turns
 16323 | D:13     | Killed Rupert
 16567 | D:13     | Noticed a five-headed hydra
 16567 | D:13     | Noticed an ogre mage
 16686 | D:13     | Noticed a centaur warrior
 16697 | D:13     | Killed a centaur warrior
 17559 | D:14     | Reached XP level 13. HP: 104/118 MP: 12/12
 17687 | D:14     | Paralysed by a wizard for 5 turns
 17698 | D:14     | Gained mutation: You are somewhat unskilled. (-1 Apt) [Ru
                  | sacrifice]
 17698 | D:14     | Reduced skill Axes to level 14
 17698 | D:14     | Reached ***** piety under Ru
 18205 | D:14     | Found a gate to the Vaults.
 18285 | D:14     | Reached skill level 15 in Axes
 18728 | D:14     | Noticed Jorgrun
 18746 | D:14     | Killed Jorgrun
 19448 | D:15     | Entered Level 15 of the Dungeon
 19816 | D:15     | Noticed a fire dragon
 19833 | D:15     | Killed a fire dragon
 19861 | D:15     | Found a staircase to the Depths.
 20206 | D:15     | Reached skill level 1 in Evocations
 20338 | D:15     | Reached skill level 16 in Axes
 21060 | D:15     | Noticed Agnes
 21070 | D:15     | Killed Agnes
 21516 | D:15     | Reached XP level 14. HP: 123/127 MP: 15/15
 21779 | D:15     | Reached skill level 1 in Shields
 21953 | Lair:1   | Entered Level 1 of the Lair of Beasts
 21977 | Lair:1   | Found a runed translucent gate.
 21978 | Lair:1   | Found a runed translucent gate.
 21979 | Lair:1   | Found a runed translucent gate.
 22032 | Lair:1   | Noticed Xtruder99's ghost (journeyman GrFi)
 22066 | Lair:1   | HP: 6/127 [Xtruder99's ghost (19)]
 22067 | Lair:1   | HP: 2/127 [Xtruder99's ghost (3)]
 22067 | Lair:1   | Slain by Xtruder99's ghost

Illustrated notes

Levels and vault maps discovered:
D:1:      saegor_arrival_simple_a, layout_loops_cross,
          minmay_misc_feat_nine_boxes
D:2:      layout_loops_corners, old_standard_altar, uniq_sigmund
D:3:      layout_basic, nicolae_overflow_crystal_walls,
          cheibrodos_sewer_entry_bend, fedhas_altar_2
D:4:      layout_rooms, first_ration, enter_ossuary_1
D:5:      layout_rooms, grunt_qazlal_sundering, serial_glass, glass_columns_a,
          glass_columns_a, feat_on_display, item_on_display_a, serial_shops,
          kennysheep_little_box, nicolae_elemental_shop
D:6:      layout_basic, minmay_temple_entry_mist,
          grunt_dithmenos_smoke_and_mirrors
D:7:      layout_basic, yredelemnul_altar_generic, grunt_livestock
D:8:      layout_loops_ring, serial_shops, shop, uniq_psyche
D:9:      layout_rooms, erik_lair_orcish_takeover, lemuel_blue_sif_altar
D:10:     layout_big_octagon, kennysheep_decorative_pillar, uniq_grum,
          uniq_harold
D:11:     layout_loops_cross, special_room [special_room_bee],
          gammafunk_ghost_berserking_beasts, uniq_josephine, uniq_urug,
          uniq_maurice
D:12:     layout_roguey, serial_glass, glass_columns_b, glass_columns_b
D:13:     layout_loops_cross, lightli_corner_chamber, uniq_rupert
D:14:     layout_gridville, david_vaults_2, uniq_jorgrun
D:15:     grunt_enter_depths_hoard, layout_stronghold, uniq_agnes
Temple:   eino_narrow_crystal_temple
Lair:1:   layout_cave_pods, gammafunk_ghost_icy, serial_bayou_shore_a,
          uniq_sonja

Skill      XL: |  1  2  3  4  5  6  7  8  9 10 11 12 13 14 |
---------------+-------------------------------------------+-----
Axes           | 4 5 7 8 9 11 12 13 15 16 16 | 16.0
Armour         | 2 3 4 6 7 9 10 12 12 | 12.9
Fighting       | 4 6 7 9 10 12 12 | 12.8
Dodging        | 4 5 6 8 9 0 |  0.0
Crossbows      | 3 |  3.2
Evocations     | 3 |  3.3
Shields        | 2 |  2.4
Stealth        | |  1.4

Action                   |  1- 3 |  4- 6 |  7- 9 | 10-12 | 13-15 || total
-------------------------+-------+-------+-------+-------+-------++-------
Melee: Hand axe          |    99 |    84 |       |       |       ||   183
       Headbutt          |    18 |    25 |    69 |   163 |   109 ||   384
       War axe           |       |    71 |   418 |   802 |   453 ||  1744
       Scimitar          |       |       |       |       |    10 ||    10
Invok: Sacrifice Arcana  |       |       |     1 |       |       ||     1
       Sacrifice Love    |       |       |       |     1 |       ||     1
       Sacrifice Nimblen |       |       |       |     1 |       ||     1
       Draw Out Power    |       |       |       |       |     1 ||     1
       Sacrifice Skill   |       |       |       |       |     1 ||     1
       Power Leap        |       |       |       |       |     2 ||     2
       Reject Sacrifices |       |       |       |       |     1 ||     1
Evoke: Wand              |       |       |       |     8 |     6 ||    14
  Use: Potion            |       |     3 |       |     9 |     1 ||    13
       Scroll            |       |       |    14 |    11 |     1 ||    26
 Stab: Sleeping          |     2 |       |       |       |       ||     2
       Distracted        |       |       |       |     3 |     5 ||     8
       Invisible         |       |       |       |     2 |    10 ||    12
       Paralysed         |       |       |       |       |     2 ||     2
  Eat: Chunk             |     2 |     7 |    16 |    26 |     5 ||    56
       Ration            |       |       |       |     3 |     3 ||     6
Armor: Robe              |    12 |       |       |       |       ||    12
       Scale mail        |    24 |    63 |   157 |    93 |       ||   337
       Skin              |       |     4 |       |    14 |       ||    18
       Chain mail        |       |       |       |   264 |   203 ||   467
Dodge: Dodged            |    69 |   106 |   207 |   425 |   119 ||   926
Block: Buckler           |       |       |       |       |     9 ||     9

Table legend:
 A = Non-vault XP
 B = Vault XP
 C = Vault XP percentage of total XP
 D = Non-vault monster count
 E = Vault monster count
 F = Vault count percentage of total count
                 A         B        C        D         E       F
            +---------+---------+-------+---------+---------+-------
      Total |   46724 |   21442 |  31.5 |     471 |     131 |  21.8
            +---------+---------+-------+---------+---------+-------
        D:1 |      67 |       0 |   0.0 |      32 |       0 |   0.0
        D:2 |     149 |     223 |  59.9 |      27 |       1 |   3.6
        D:3 |     411 |       5 |   1.2 |      44 |       1 |   2.2
        D:4 |     520 |       0 |   0.0 |      24 |       0 |   0.0
        D:5 |     411 |       0 |   0.0 |      14 |       0 |   0.0
        D:6 |     923 |       0 |   0.0 |      26 |       0 |   0.0
        D:7 |    1207 |     970 |  44.6 |      27 |       5 |  15.6
        D:8 |    1451 |     454 |  23.8 |      33 |       1 |   2.9
        D:9 |    3437 |    1890 |  35.5 |      41 |      11 |  21.2
       D:10 |    2453 |     256 |   9.4 |      32 |       2 |   5.9
       D:11 |    5278 |    4631 |  46.7 |      44 |      31 |  41.3
       D:12 |    5135 |       0 |   0.0 |      29 |       0 |   0.0
       D:13 |    3692 |    3168 |  46.2 |      19 |       1 |   5.0
       D:14 |    4575 |    4224 |  48.0 |      30 |       4 |  11.8
       D:15 |   16922 |    3957 |  19.0 |      48 |       3 |   5.9
     Lair:1 |      93 |    1267 |  93.2 |       1 |      10 |  90.9
      Sewer |       0 |      56 | 100.0 |       0 |      22 | 100.0
    Ossuary |       0 |     341 | 100.0 |       0 |      39 | 100.0
            +---------+---------+-------+---------+---------+-------
